 Dungeon Crawl Stone Soup version 0.31-a0-358-gac0dbeb3ab (webtiles) character file.

Game seed: 5873843921659468668

259960 MacCMillion the Acrobat (level 19, -4/163 HPs)
             Began as a Merfolk Shapeshifter on July 25, 2023.
             Was the Champion of Wu Jian.
             Killed by a resonance strike
             ... invoked by a ragged hierophant
              (14 damage)
             ... in the Desolation of Salt.
             The game lasted 02:01:25 (50426 turns).

MacCMillion the Acrobat (Merfolk Shapeshifter)     Turns: 50426, Time: 02:01:26

Health: -4/163     AC:  4    Str: 26    XL:     19   Next: 91%
Magic:  19/19      EV: 36    Int:  5    God:    Wu Jian [******]
Gold:   2401       SH:  0    Dex: 21    Spells: 18/18 levels left

rFire   . .          .
                       - Unarmed
rCold   . . .        (no shield)
rNeg    . . .        W - melded +4 ring mail of the Quick God {rF++}
rPois   +            i - +0 helmet of Untold Secrets {Str+3 Int-3 Dex+3 SInv}
rElec   .            T - scarf {repulsion}
rCorr   .            q - +2 pair of gloves
SInv    +            (no boots)
Will    +....        e - amulet of Beufohut {rPois Regen+ Str+4}
Stlth   ++           u - ring of willpower
HPRegen 1.27/turn    d - +5 ring of evasion
MPRegen 0.16/turn

%: repel missiles
@: exhausted, maw-form, weak-willed
A: devouring maw, (nimble swimmer 2), mertail
}: 2/15 runes: barnacled, gossamer
a: Begin Untransformation, Renounce Religion, Wall Jump, Serpent's Lash,
Heavenly Storm


You were in the Desolation of Salt.
You worshipped Wu Jian.
Wu Jian was exalted by your worship.
You were a creature with a mouth for a stomach.
You visited 7 branches of the dungeon, and saw 32 of its levels.
You also visited: Ossuary, Bailey, Gauntlet and Desolation.

You collected 3468 gold pieces.
You spent 1067 gold pieces at shops.

Inventory:

Missiles
 o - 27 poisoned darts (quivered)
 t - 5 throwing nets
 L - 5 javelins
 R - 13 curare-tipped darts
Armour
 i - the +0 helmet of Untold Secrets (worn) {Str+3 Int-3 Dex+3 SInv}
   (You took it off Robin on level 2 of the Dungeon)

   Str:       It affects your strength (+3).
   Int:       It affects your intelligence (-3).
   Dex:       It affects your dexterity (+3).
   SInv:      It lets you see invisible.
 q - a +2 pair of gloves (worn)
 T - a scarf of repulsion (worn)
 W - the +4 ring mail of the Quick God (melded) {rF++}
   (You found it on level 4 of the Lair of Beasts)

   rF:        It greatly protects you from fire.
Jewellery
 d - a +5 ring of evasion (right hand)
 e - the amulet of Beufohut (around neck) {rPois Regen+ Str+4}
   (You acquired it on level 5 of the Lair of Beasts)

   [amulet of regeneration]

   Str:       It affects your strength (+4).
   rPois:     It protects you from poison.
   Regen:     It increases your rate of health regeneration.
 s - a +6 ring of dexterity
 u - a ring of willpower (left hand)
 y - a ring of ice
 C - a ring of protection from cold
 E - the ring "Niggiw" {rElec rN+ Will+ Str-5}
   (You found it on level 1 of the Lair of Beasts)

   [ring of willpower]

   Str:       It affects your strength (-5).
   rElec:     It insulates you from electricity.
   rN:        It protects you from negative energy.
   Will:      It increases your willpower.
 F - a +4 ring of slaying
 M - a ring of resist corrosion
 O - the ring "Syall" {rF+ Str+3}
   (You found it on level 14 of the Dungeon)

   [ring of protection from fire]

   Str:       It affects your strength (+3).
   rF:        It protects you from fire.
 S - a ring of positive energy
Talismans
 c - a beast talisman
 n - a maw talisman
Wands
 a - a wand of flame (15)
 v - a wand of mindburst (9)
 w - a wand of iceblast (24)
 G - a wand of charming (8)
 U - a wand of acid (5)
 V - a wand of polymorph (8)
Scrolls
 f - 4 scrolls of immolation
 j - 3 scrolls of blinking
 m - 2 scrolls of enchant weapon
 r - 6 scrolls of poison
 x - 5 scrolls of vulnerability
 I - a scroll of silence
 K - 2 scrolls of brand weapon
 N - 3 scrolls of teleportation
 P - 2 scrolls of amnesia
 Q - 2 scrolls of fear
 Z - 2 scrolls of revelation
Potions
 b - 4 potions of lignification
 g - 4 potions of attraction
 h - 7 potions of mutation
 k - 7 potions of invisibility
 l - a potion of berserk rage
 p - 5 potions of heal wounds
 z - 5 potions of might
 A - 10 potions of haste
 B - 5 potions of curing
 D - 11 potions of ambrosia
 H - 6 potions of cancellation
 J - 4 potions of resistance
 Y - a potion of brilliance
Miscellaneous
 X - a lightning rod (4/4)


   Skills:
 - Level 18.0 Fighting
 + Level 23.8 Dodging
 - Level 22.0 Unarmed Combat
 - Level 8.0 Evocations
 - Level 18.0 Shapeshifting


You had 18 spell levels left.
You didn't know any spells.
Your spell library contained the following spells:

 Spells                   Type           Power      Damage    Failure   Level
 Freeze                   Ice            0%         1d3       47%         1
 Magic Dart               Conj           0%         1d3       47%         1
 Necrotise                Necr           0%         1d4       47%         1
 Sandblast                Erth           0%         2d4       47%         1
 Slow                     Hex            0%         N/A       47%         1
 Ensorcelled Hibernation  Hex/Ice        0%         N/A       63%         2
 Passwall                 Tmut/Erth      0%         N/A       63%         2
 Searing Ray              Conj           0%         2d4       63%         2
 Confusing Touch          Hex            0%         N/A       85%         3
 Frozen Ramparts          Ice            0%         1d1       85%         3
 Gell's Gravitas          Tloc           0%         N/A       85%         3
 Hailstorm                Conj/Ice       0%         3d3       85%         3
 Stone Arrow              Conj/Erth      0%         3d7       85%         3
 Swiftness                Air            0%         N/A       85%         3
 Teleport Other           Tloc           0%         N/A       85%         3
 Vampiric Draining        Necr           0%         2d6       85%         3
 Animate Armour           Summ/Erth      0%         N/A       99%         4
 Fulminant Prism          Conj/Hex       0%         3d5       99%         4
 Manifold Assault         Tloc           0%         N/A       99%         4
 Summon Ice Beast         Ice/Summ       0%         N/A       99%         4
 Summon Lightning Spire   Summ/Air       0%         N/A       99%         4
 Agony                    Necr           0%         N/A       100%        5
 Lee's Rapid Deconstruct  Erth           0%         3d4*      100%        5
 Dispersal                Tloc           0%         N/A       100%        6
 Simulacrum               Ice/Necr       0%         N/A       100%        6
 Disjunction              Tloc           0%         N/A       100%        8


Dungeon Overview and Level Annotations

Branches:
Dungeon (15/15)            Temple (1/1) D:7            Lair (5/5) D:10
 Shoals (4/4) Lair:2       Spider (4/4) Lair:2        Slime (0/5) Lair:5
    Orc (2/2) D:12            Elf (0/3) Orc:2        Vaults (1/5) D:13
 Depths (0/4) D:15        Ossuary (visited)          Bailey (visited)
Desolation (1/1)          Gauntlet (visited)

Altars:
Ashenzari
Cheibriados
Dithmenos
Elyvilon
Fedhas
Gozag
Hepliaklqana
Kikubaaqudgha
Makhleb
Nemelex Xobeh
Okawaru
Qazlal
Ru
Sif Muna
Trog
Uskayaw
Vehumet
Wu Jian
Xom
Yredelemnul
Zin
The Shining One
Jiyva

Shops:
D:1 *   D:5 (   D:7 ![?**   D:8 (   Orc:1 *   Orc:2 !?((

Annotations:
D:4 1 runed translucent door, AdnanSaban's ghost, novice GrFi
Shoals:2 3 runed translucent doors
Spider:3 1 runed translucent door, Querens's ghost, adept TrFi


Innate Abilities, Weirdness & Mutations

You are a creature with a mouth for a stomach.
Your midsection houses a second, enormous mouth.
((You are very nimble when in or above water. (Stealth+, EV+, Speed+++)))
Your lower body shifts to a powerful aquatic tail in water.


Message History

Your willpower is stripped away!
You punch the ironbound convoker!
Your bite misses the ironbound convoker.
The ironbound convoker is severely wounded.
The saltling completely misses you.
You pummel the ironbound convoker!!
You kill the ironbound convoker!
The Council accepts your kill. The saltling hits you.
The ragged hierophant casts a spell.
The ragged hierophant begins to accept its allies' injuries.
You pummel the imperial myrmidon!! Your bite misses the imperial myrmidon.
The imperial myrmidon is lightly wounded.
The saltling misses you. The saltling barely misses you.
The ragged hierophant gestures wildly while chanting.
The ragged hierophant begins to accept its allies' injuries.
The servant of whispers completely misses you.
You closely miss the imperial myrmidon.
Your punch misses the imperial myrmidon.
The imperial myrmidon is lightly wounded.
The saltling hits you!
The imperial myrmidon completely misses you.
The saltling completely misses you.
You barely miss the imperial myrmidon. Your bite misses the imperial myrmidon.
The imperial myrmidon is lightly wounded.
The air resumes its normal movements.
The ragged hierophant points at you and mumbles some strange words.
A blast of power from the earth and the saltlings strikes you!
* * * LOW HITPOINT WARNING * * *
The servant of whispers completely misses you.
The ragged hierophant casts a spell at you.
A blast of power from the earth and the saltlings strikes you!
* * * LOW HITPOINT WARNING * * *
The saltling misses you.
Blink to where?
Press: ? - help, Dir - move target
As you read the scroll of blinking, it crumbles to dust.
The ragged hierophant points at you and mumbles some strange words.
A blast of power from the earth strikes you!
You die...

.............................#.
.......aa......................
......a.9......................
.......aa9.....................
........8...............).#....
...............................
...............................
...............................
..............W................
###############################
###############################
########################
############### ###############
############### ###############


You could see 2 ragged hierophants, a servant of whispers, an imperial myrmidon
(sheltered) and 2 saltlings.

Vanquished Creatures
  Mara (Spider:3)
  Saint Roka (Vaults:1)
  Mlioglotl (Spider:4)
  A kraken (Shoals:2)
  Polyphemus (Shoals:2)
  Agnes (Spider:3)
  A storm dragon (Shoals:4)
  Frances (Spider:2)
  2 sphinxes (Vaults:1)
  Aizul (Vaults:1)
  Kirke (Shoals:2)
  Ilsuiw (Shoals:2)
  Donald (Lair:2)
  6 ghost moths
  7 emperor scorpions
  A formless jellyfish (Shoals:4)
  Louise (Shoals:2)
  3 ironbound preservers (Vaults:1)
  2 broodmothers (Spider:3)
  A stone giant (D:15)
  A halazid warlock (Desolation)
  2 spark wasps
  2 yaktaur captains (Vaults:1)
  11 entropy weavers
  A fire dragon (D:15)
  10 merfolk javelineers
  12 merfolk impalers
  4 hydras
  8 vault guards
  A ragged hierophant (Desolation)
  An ironbound frostheart (Vaults:1)
  4 radroaches
  2 peacekeepers (Desolation)
  2 ogre magi (Orc:2)
  3 jorogumos
  3 centaur warriors
  A catoblepas (Shoals:3)
  4 merfolk avatars (Shoals:4)
  5 merfolk aquamancers
  11 boulder beetles
  4 satyrs
  13 two-headed ogres
  9 demonic crawlers
  12 death yaks
  Sonja (Orc:1)
  An orc high priest (Orc:2)
  10 skysharks
  Nergalle (D:10)
  9 pharaoh ants
  12 deep trolls
  3 goliath frogs (Lair:5)
  4 sea snakes
  A sun moth (Spider:3)
  7 orb spiders
  5 ironbound convokers
  3 deep elf pyromancers
  4 orc knights
  12 steelbarb worms
  Pikel (D:8)
  10 harpies
  7 deep elf zephyrmancers (Orc:2)
  15 ugly things
  14 fauns
  24 wolf spiders
  9 cyclopes
  13 manticores
  2 moths of wrath
  5 merfolk sirens
  7 elephants (Lair:5)
  A guardian serpent (Desolation)
  6 torpor snails
  6 water nymphs
  A gargoyle (D:14)
  5 black mambas
  2 vault sentinels (Vaults:1)
  24 cane toads
  An unseen horror (D:12)
  3 rime drakes
  7 komodo dragons
  A kobold demonologist (D:14)
  2 yaktaurs (Vaults:1)
  A tengu conjurer (D:15)
  7 meliai (Spider:4)
  A troll (shapeshifter) (D:15)
  11 trolls
  18 merfolk
  9 wind drakes
  A polar bear (Lair:1)
  27 tarantellas
  A hornet (shapeshifter) (D:14)
  A hornet (Lair:4)
  21 blink frogs
  5 snapping turtles
  18 jumping spiders
  11 saltlings (Desolation)
  8 dream sheep
  A centaur simulacrum (D:14)
  A shadow (D:9)
  4 wyverns
  3 hogs (Shoals:2)
  72 yaks
  4 air elementals (Shoals:4)
  3 wraiths (D:13)
  A vampire (D:11)
  18 culicivoras
  18 water elementals
  6 basilisks
  4 steam dragons
  71 redbacks
  12 vampire mosquitoes
  6 wargs
  3 acid dragons
  14 water moccasins
  15 orc warriors
  3 ice beasts
  3 black bears
  3 sky beasts
  20 ogres
  7 wolves
  2 boggarts (D:14)
  A phantom (D:4)
  9 centaurs
  2 lemures (D:8)
  A gnoll sergeant (D:8)
  20 bullfrogs
  2 scorpions
  5 wights
  6 killer bees
  3 howler monkeys
  4 crimson imps (D:12)
  A gnoll bouda (D:6)
  9 hounds
  2 jellies
  8 orc priests
  Jessica (D:3)
  9 iguanas
  A sleepcap (D:6)
  17 orc wizards
  8 mummies (Ossuary)
  Robin (D:2)
  18 gnolls
  6 adders
  A shadow imp (D:5)
  2 white imps
  An ufetubus (D:4)
  A worm (D:5)
  2 dart slugs
  69 orcs
  3 endoplasms
  5 giant cockroaches
  21 goblins
  9 hobgoblins
  6 jackals
  3 quokkas
  6 ball pythons
  9 bats
  3 frilled lizards
  A gnoll zombie (Ossuary)
  2 hobgoblin zombies (Ossuary)
  8 kobolds
  A kobold zombie (Ossuary)
  4 orc zombies (Ossuary)
  8 rats
1133 creatures vanquished.

Vanquished Creatures (others)
  A merfolk aquamancer (Shoals:4)
  A jumping spider (Spider:4)
  A human (Shoals:2)
  A boggart (D:14)
  4 tentacles (Shoals:2)
8 creatures vanquished.

Grand Total: 1141 creatures vanquished

Notes
Turn   | Place    | Note
-------+----------+-------------------------------------------
     0 | D:1      | MacCMillion the Merfolk Shapeshifter began the quest for
                  | the Orb.
     0 | D:1      | Reached XP level 1. HP: 15/15 MP: 1/1
   213 | D:1      | Reached XP level 2. HP: 21/21 MP: 2/2
   321 | D:1      | Found Luorij's Assorted Antiques.
   587 | D:1      | Reached XP level 3. HP: 25/26 MP: 3/3
   664 | D:1      | Reached skill level 3 in Dodging
  1355 | D:2      | Found a shimmering altar of Xom.
  1515 | D:2      | Identified the +0 helmet of Untold Secrets {Str+3 Int-3
                  | Dex+3 SInv}
  1515 | D:2      | Noticed Robin
  1715 | D:2      | Killed Robin
  1716 | D:2      | Reached XP level 4. HP: 17/32 MP: 4/4
  1962 | D:2      | You fall into a shaft and drop 2 floors!
  2047 | D:4      | Found an ornate altar of the Wu Jian Council.
  2051 | D:4      | Reached skill level 5 in Unarmed Combat
  2059 | D:4      | Became a worshipper of the Wu Jian Council
  2098 | D:3      | Noticed Jessica
  2100 | D:3      | Killed Jessica
  2101 | D:3      | Reached skill level 4 in Dodging
  2101 | D:3      | Reached XP level 5. HP: 37/37 MP: 5/5
  2127 | D:3      | Found a broken altar of Ashenzari.
  2420 | D:3      | Reached * piety under Wu Jian
  2724 | D:4      | Found a runed translucent door.
  2724 | D:4      | Noticed AdnanSaban's ghost (novice GrFi)
  2737 | D:4      | Found a shimmering blue altar of Sif Muna.
  2741 | D:4      | Noticed a black bear
  2792 | D:4      | Killed a black bear
  2793 | D:4      | Reached skill level 5 in Dodging
  2793 | D:4      | Reached XP level 6. HP: 43/43 MP: 6/6
  2992 | D:4      | Identified the +8 broad axe of the Wraith {drain, rPois
                  | SInv Stlth+}
  3161 | D:4      | Reached XP level 7. HP: 21/48 MP: 7/7
  3360 | D:5      | Entered Level 5 of the Dungeon
  3510 | D:5      | Reached skill level 6 in Dodging
  3552 | D:5      | Noticed a yak
  3568 | D:5      | Killed a yak
  3786 | D:5      | Reached ** piety under Wu Jian
  3827 | D:5      | Reached XP level 8. HP: 53/54 MP: 8/8
  3967 | D:5      | Reached skill level 7 in Dodging
  4290 | D:5      | Found Lueneumy's Antique Weapon Shoppe.
  4677 | D:6      | Reached skill level 8 in Dodging
  4744 | D:6      | Reached XP level 9. HP: 55/64 MP: 9/9
  4835 | D:6      | Reached skill level 10 in Unarmed Combat
  5594 | D:6      | Reached skill level 5 in Fighting
  5634 | D:6      | Reached skill level 9 in Dodging
  6223 | D:7      | Found Hegimyw's Magic Scroll Boutique.
  6224 | D:7      | Found Faat's Antique Armour Shoppe.
  6331 | D:7      | Found a sand-covered staircase.
  6340 | Ossuary  | Entered an ossuary
  6354 | Ossuary  | Reached *** piety under Wu Jian
  6880 | D:7      | Found Ocsuov's Distillery.
  6885 | D:7      | Bought a potion of haste for 120 gold pieces
  7075 | D:7      | Found a staircase to the Ecumenical Temple.
  7080 | D:7      | Noticed a two-headed ogre
  7093 | D:7      | Killed a two-headed ogre
  7094 | D:7      | Reached skill level 10 in Dodging
  7094 | D:7      | Reached XP level 10. HP: 72/79 MP: 10/10
  7509 | D:7      | Found Kowkuixa's Assorted Antiques.
  7512 | D:7      | Bought an encrusted sapphire ring for 120 gold pieces
  7718 | D:7      | Bought a scroll of identify for 22 gold pieces
  7718 | D:7      | Bought a scroll of identify for 22 gold pieces
  7843 | D:7      | Found a shadowy altar of Dithmenos.
  7903 | D:7      | Found a shimmering altar of Xom.
  8132 | D:7      | Found Syipsus's General Store.
  8194 | D:7      | Found an ancient bone altar of Kikubaaqudgha.
  8200 | D:7      | Found a snail-covered altar of Cheibriados.
  8200 | D:7      | Found a glowing golden altar of the Shining One.
  8200 | D:7      | Found a glowing silver altar of Zin.
  8202 | D:7      | Found an iron altar of Okawaru.
  8204 | D:7      | Found a sacrificial altar of Ru.
  8326 | Temple   | Entered the Ecumenical Temple
  8377 | D:8      | Found Oreakic's Firing Range.
  8444 | D:8      | Noticed Pikel
  8468 | D:8      | Killed Pikel
  8550 | D:8      | Found a flagged portal.
  8559 | Bailey   | Entered a bailey
  8871 | Bailey   | Noticed an orc knight
  8985 | Bailey   | Reached **** piety under Wu Jian
  9000 | Bailey   | Killed an orc knight
  9211 | D:8      | Reached skill level 11 in Dodging
  9543 | D:8      | Noticed a cyan ugly thing
  9589 | D:8      | Killed a cyan ugly thing
 10383 | D:9      | Found a stormy altar of Qazlal.
 10619 | D:9      | Reached skill level 10 in Fighting
 10712 | D:9      | Reached XP level 11. HP: 90/90 MP: 11/11
 10856 | D:10     | Entered Level 10 of the Dungeon
 10876 | D:10     | Noticed Nergalle
 10903 | D:10     | Killed Nergalle
 11425 | D:10     | Reached skill level 5 in Shapeshifting
 11449 | D:10     | Reached skill level 12 in Dodging
 11607 | D:10     | Found a sparkling altar of Nemelex Xobeh.
 11965 | D:10     | Noticed a two-headed ogre
 11992 | D:10     | Killed a two-headed ogre
 12107 | D:10     | Found a staircase to the Lair.
 12745 | D:11     | Noticed a cyclops
 12750 | D:11     | Found a gate leading to a gauntlet.
 12758 | D:11     | Killed a cyclops
 12971 | Gauntlet | Entered a Gauntlet
 12971 | Gauntlet | Found a transporter.
 12975 | Gauntlet | Noticed a worldbinder
 12980 | Gauntlet | Found a transporter.
 12982 | Gauntlet | Found a transporter.
 12993 | Gauntlet | Found a transporter.
 12996 | Gauntlet | Found a transporter.
 13007 | Gauntlet | Found a transporter.
 13022 | Gauntlet | Noticed a brown ugly thing
 13024 | Gauntlet | Found a runed translucent gate.
 13025 | Gauntlet | Found a transporter.
 13025 | Gauntlet | Found a runed translucent gate.
 13026 | Gauntlet | Found a runed translucent gate.
 13030 | Gauntlet | Noticed a great orb of eyes
 13036 | Gauntlet | Found a transporter.
 13045 | Gauntlet | Noticed a blizzard demon
 13048 | Gauntlet | Found a transporter.
 13067 | Gauntlet | Found a transporter.
 13070 | Gauntlet | Found a runed translucent door.
 13078 | Gauntlet | Noticed a catoblepas
 13081 | Gauntlet | Found a transporter.
 13082 | Gauntlet | Found a transporter.
 13123 | Gauntlet | Found a runed translucent door.
 13127 | Gauntlet | Found a runed translucent door.
 13129 | Gauntlet | Found a transporter.
 13143 | Gauntlet | Found a transporter.
 13211 | D:11     | Identified the +7 war axe of Disorder {drain, rElec rCorr
                  | Dex-4 Stlth+}
 13340 | D:11     | Identified the +6 hand axe of Reac Bet {freeze, Str+3 SInv}
 13526 | D:11     | Noticed a boulder beetle
 13549 | D:11     | Noticed a cyclops
 13550 | D:11     | HP: 3/90 [cyclops/large rock (11)]
 13936 | Lair:1   | Entered Level 1 of the Lair of Beasts
 13937 | Lair:1   | Noticed a boulder beetle
 13960 | Lair:1   | Killed a boulder beetle
 14107 | Lair:1   | Reached skill level 13 in Dodging
 14107 | Lair:1   | Reached XP level 12. HP: 97/97 MP: 12/12
 14343 | Lair:1   | Reached skill level 14 in Dodging
 14362 | Lair:1   | Reached ***** piety under Wu Jian
 14655 | Lair:1   | Identified the +2 dagger of Yrurueh {chaos, rElec Str+2}
 14786 | Lair:1   | Identified the ring "Niggiw" {rElec rN+ Will+ Str-5}
 15068 | Lair:1   | Noticed a six-headed hydra
 15074 | Lair:1   | Killed a six-headed hydra
 15074 | Lair:1   | Reached skill level 15 in Dodging
 15215 | D:7      | Bought a scroll of teleportation for 33 gold pieces
 15840 | Lair:2   | Reached skill level 16 in Dodging
 16091 | Lair:2   | Found a hide-covered altar of Uskayaw.
 16282 | Lair:2   | Found a staircase to the Shoals.
 16799 | Lair:2   | Found a hole to the Spider Nest.
 16922 | Lair:2   | Reached XP level 13. HP: 87/104 MP: 13/13
 18938 | Lair:3   | Reached skill level 17 in Dodging
 20599 | Lair:4   | Reached skill level 15 in Unarmed Combat
 20741 | Lair:4   | Identified the +4 ring mail of the Quick God {rF++}
 20799 | Lair:4   | You fall into a shaft and drop 1 floor!
 20799 | Lair:5   | Entered Level 5 of the Lair of Beasts
 20848 | Lair:5   | Identified a scroll of acquirement
 21330 | Lair:5   | Reached XP level 14. HP: 78/116 MP: 8/14
 21437 | Lair:5   | Reached skill level 18 in Dodging
 21504 | Lair:5   | Reached ****** piety under Wu Jian
 22870 | Lair:5   | Found a viscous altar of Jiyva.
 22870 | Lair:5   | Found a staircase to the Slime Pits.
 22890 | Lair:5   | Acquired the amulet of Beufohut {rPois Regen+ Str+4}
 23101 | Lair:5   | Reached skill level 19 in Dodging
 25243 | D:12     | Reached XP level 15. HP: 51/126 MP: 15/15
 25619 | D:12     | Found a staircase to the Orcish Mines.
 26033 | D:12     | Found a shimmering altar of Xom.
 26157 | D:13     | Found a gate to the Vaults.
 27409 | D:7      | Bought a cloak for 126 gold pieces
 28400 | D:14     | Found a shadowy altar of Dithmenos.
 28472 | D:14     | Identified the +6 rapier of Ash {vamp, rPois Int-4 Dex+7}
 28562 | Orc:1    | Entered Level 1 of the Orcish Mines
 28616 | Orc:1    | Noticed Sonja
 28634 | Orc:1    | Killed Sonja
 28907 | Orc:2    | Entered Level 2 of the Orcish Mines
 28910 | Orc:2    | Found a staircase to the Elven Halls.
 29172 | Orc:2    | Reached skill level 10 in Shapeshifting
 29364 | Orc:2    | Found Hehy's Distillery.
 29365 | Orc:2    | Found Tuhola's Magic Scroll Shoppe.
 29371 | Orc:2    | Found Zacuz's Weapon Shop.
 29389 | Orc:2    | Found Qetuagu's Antique Weapon Emporium.
 29426 | Orc:2    | Bought a scroll of acquirement for 624 gold pieces
 29426 | Orc:2    | Acquired a manual of Unarmed Combat
 29700 | Orc:1    | Found Mishryk's Overcharged Wands.
 30396 | D:14     | Reached XP level 16. HP: 110/134 MP: 16/16
 30617 | D:14     | Identified the ring "Syall" {rF+ Str+3}
 30915 | D:15     | Entered Level 15 of the Dungeon
 31591 | D:15     | Found a staircase to the Depths.
 32541 | Spider:1 | Entered Level 1 of the Spider Nest
 32542 | Spider:1 | Noticed Donald
 33493 | Lair:2   | Killed Donald
 33545 | Lair:2   | Reached skill level 15 in Shapeshifting
 33744 | Lair:2   | Reached skill level 20 in Dodging
 34835 | Spider:1 | Identified the +9 flail of Keeping Anguish {freeze, rPois
                  | Int+3}
 34959 | Spider:1 | Reached skill level 1 in Evocations
 35101 | Spider:1 | Reached skill level 15 in Fighting
 36321 | Spider:2 | Noticed Frances
 36335 | Spider:2 | Killed Frances
 36913 | Spider:2 | Reached XP level 17. HP: 63/142 MP: 17/17
 37333 | Spider:3 | Noticed Mara
 37770 | Spider:3 | Found a runed translucent door.
 37770 | Spider:3 | Noticed Querens's ghost (adept TrFi)
 38092 | Spider:3 | Killed Mara
 38653 | Spider:3 | Reached skill level 21 in Dodging
 38830 | Spider:3 | Noticed Agnes
 38835 | Spider:3 | Killed Agnes
 38851 | Spider:3 | Reached skill level 5 in Evocations
 39201 | Spider:4 | Entered Level 4 of the Spider Nest
 39836 | Shoals:1 | Entered Level 1 of the Shoals
 39836 | Shoals:1 | You fall into a shaft and drop 1 floor!
 39836 | Shoals:2 | Found a runed translucent gate.
 39836 | Shoals:2 | Found a runed translucent gate.
 39836 | Shoals:2 | Found a runed translucent gate.
 40877 | Shoals:1 | Reached XP level 18. HP: 111/151 MP: 18/18
 41592 | Shoals:1 | Identified the +1 long sword of the Forgotten Hosts
                  | {antimagic, rElec rC++}
 42258 | Shoals:2 | Noticed Louise
 42281 | Shoals:2 | Killed Louise
 42561 | Shoals:2 | Noticed Kirke
 42574 | Shoals:2 | Found the +6 Majin-Bo {spellvamp, MP+6 Int+6}
 42583 | Shoals:2 | Killed Kirke
 42591 | Shoals:2 | Noticed Ilsuiw
 42745 | Shoals:2 | Killed Ilsuiw
 43696 | Shoals:3 | Noticed Polyphemus
 43720 | Shoals:2 | Killed Polyphemus
 44530 | Shoals:4 | Entered Level 4 of the Shoals
 44757 | Shoals:4 | Reached skill level 22 in Dodging
 45025 | Shoals:4 | Paralysed by an air elemental for 1 turns
 45028 | Shoals:4 | Paralysed by an air elemental for 1 turns
 45539 | Shoals:4 | Paralysed by an air elemental for 1 turns
 45873 | Shoals:4 | Found a stormy altar of Qazlal.
 46388 | Shoals:4 | Reached XP level 19. HP: 161/161 MP: 19/19
 46861 | Shoals:4 | Got a barnacled rune of Zot
 47409 | Spider:4 | Noticed Mlioglotl
 47416 | Spider:4 | Killed Mlioglotl
 47582 | Spider:4 | Identified the +10 long sword of the Spinneret {vamp, Fly
                  | rElec Str-2}
 49312 | Spider:4 | Got a gossamer rune of Zot
 49575 | Vaults:1 | Entered Level 1 of the Vaults
 49575 | Vaults:1 | Noticed Aizul
 49585 | Vaults:1 | Killed Aizul
 49800 | Vaults:1 | Reached skill level 23 in Dodging
 49800 | Vaults:1 | Paralysed by a sphinx for 2 turns
 50030 | Vaults:1 | Noticed Saint Roka
 50086 | Vaults:1 | Killed Saint Roka
 50241 | Vaults:1 | Found a crumbling gateway.
 50250 | Desolati | Entered the Desolation of Salt
 50426 | Desolati | Killed from afar by a ragged hierophant

Illustrated notes

Levels and vault maps discovered:
D:1:      nicolae_arrival_memento_mori, layout_basic, serial_shops, shop
D:2:      layout_loops_ring, serial_forest, infiniplex_forest_clump_small,
          infiniplex_forest_3_way, infiniplex_forest_clump_small,
          infiniplex_forest_clump_diagonal, infiniplex_forest_clump_curved,
          infiniplex_forest_lined_room_2, infiniplex_forest_lined_1,
          basic_altar, minivault_23, uniq_robin
D:3:      layout_basic, ashenzari_altar_1, minmay_fractal_squares_gapless_5,
          uniq_jessica
D:4:      minmay_chambers_of_threes, layout_gridville,
          mainiacjoe_overflow_catch_the_wave, serial_rivers,
          chequers_serial_rivers_micro_e, chequers_serial_rivers_small_b,
          chequers_serial_rivers_marsh, chequers_serial_rivers_micro_a,
          hellmonk_ghost_happy_afterlife
D:5:      cheibrodos_fzero, layout_rooms, serial_shops, kennysheep_mini_moat,
          grunt_decor_cap, kennysheep_small_square
D:6:      layout_basic
D:7:      layout_layer_cave, minitemple, mainiacjoe_overflow_big_doors,
          minmay_temple_entry_sparse_star, lightli_ossuary_entry_decrepit_ruins,
          serial_shops, nicolae_shop_statue_plus, shop, kennysheep_little_box,
          nicolae_shop_real_fake_doors, shop
D:8:      layout_basic, enter_bailey_8, nicolae_shop_firing_range, uniq_pikel
D:9:      layout_basic, mainiacjoe_overflow_concentric_impassable
D:10:     layout_rooms, mainiacjoe_overflow_chevrons, erik_lair_orcish_takeover,
          uniq_nergalle
D:11:     layout_rooms, gauntlet_entry_generic
D:12:     layout_roguey, orc_0_dummy, serial_glass, glass_columns_a,
          glass_columns_c, feat_on_display, due_unseen_surprise,
          minmay_strange_pillars, item_on_display_a, nicolae_sextant, drop_trap,
          led_xom_imps
D:13:     layout_basic, erik_vaults_2
D:14:     layout_basic, grunt_dithmenos_smoke
D:15:     grunt_enter_depths_giant_problem, layout_loops_ring,
          minmay_misc_feat_plants
Temple:   jpeg_temple_island
Lair:1:   layout_loops_ring, grunt_megastairs_4, lemuel_fruit_tree
Lair:2:   layout_regular_city, shoals_dummy_entry, spider_nest_entry_webs,
          basic_altar
Lair:3:   layout_cave_pods, grunt_megastairs_2
Lair:4:   layout_small_grid, infiniplex_staircase_pool_2
Lair:5:   minmay_lair_end_frog_pond, layout_concentric_octagons, slime_entry_1
Shoals:1: layout_shoals, nicolae_shoals_mertower
Shoals:2: layout_shoals, nicolae_shoals_beach_cooler, uniq_kirke, uniq_ilsuiw,
          uniq_louise
Shoals:3: layout_shoals, uniq_polyphemus
Shoals:4: shoals_end_hellmonk_storm_palace [storm_palace_center_ruins,
          storm_palace_corner_pillars, storm_palace_corner_reverse_hut,
          storm_palace_corner_narrow, storm_palace_corner_altar]
Spider:1: layout_cave_pods, uniq_donald
Spider:2: layout_spider_delve, uniq_frances
Spider:3: nicolae_spider_hall_of_the_moth_king, ebering_ghost_inner_flame,
          spiders_nest_ghost_moth_duel, uniq_mara, uniq_agnes
Spider:4: hellmonk_spider_rune_bug_friends, uniq_mlioglotl
Orc:1:    layout_caves, nicolae_shop_overcharged_wands, uniq_sonja
Orc:2:    st_orc_open, layout_caves, elves_outpost_lemuel
Vaults:1: portal_desolation_entry_garden, v_pattern_5,
          nicolae_vaults_ring_of_whatevers, v_misc_26, v_misc_11,
          special_room_vaults [special_room_orc], nicolae_vaults_trapezoid_1,
          v_misc_30, vaults_dpeg_hooks, ontoclasm_vaults_loading_screen,
          nicolae_vaults_trapezoid_1, layout_vaults_chaotic_city, uniq_aizul,
          uniq_saint_roka
Desolation

Skill      XL: |  1  2  3  4  5  6  7  8  9 10 11 12 13 14 15 16 17 18 19 |
---------------+----------------------------------------------------------+-----
Unarmed Combat | 4 5 6 7 8 9 10 11 13 14 15 16 17 18 19 21 22 | 22.0
Dodging        | 3 4 5 6 8 10 11 13 16 17 19 20 21 22 23 | 23.8
Fighting       | 3 7 10 12 14 15 16 17 18 | 18.0
Shapeshifting  | 6 9 13 15 16 17 18 | 18.0
Evocations     | 3 6 8 |  8.0

Action                     |  1- 3 |  4- 6 |  7- 9 | 10-12 | 13-15 | 16-18 | 19-21 || total
---------------------------+-------+-------+-------+-------+-------+-------+-------++-------
  Melee: Unarmed           |    87 |   122 |   259 |   606 |   965 |  1213 |   383 ||  3635
         Punch             |     2 |     4 |    13 |    60 |   123 |   193 |    60 ||   455
         Tailslap          |       |       |       |     5 |     4 |    41 |     3 ||    53
         Maw               |       |       |       |       |    48 |   323 |   112 ||   483
  Throw: Dart              |       |       |       |     7 |    19 |     8 |     7 ||    41
 Invoke: Serpent's Lash    |       |       |     1 |     5 |     4 |     2 |     3 ||    15
         Heavenly Storm    |       |       |       |       |     1 |       |       ||     1
Ability: Lunge             |       |    18 |    40 |    95 |   136 |   138 |    45 ||   472
         Whirlwind         |       |     1 |    19 |    26 |   102 |    67 |    33 ||   248
         Wall Jump         |       |       |     1 |       |     2 |       |       ||     3
  Evoke: Wand              |       |       |       |     4 |       |     6 |       ||    10
         Lightning rod     |       |       |       |       |     2 |     8 |       ||    10
    Use: Scroll            |       |     2 |     3 |    13 |    12 |    15 |     2 ||    47
         Potion            |       |       |       |     3 |       |    10 |     1 ||    14
   Stab: Sleeping          |       |       |       |       |       |     9 |       ||     9
         Distracted        |       |       |       |       |       |       |     1 ||     1
 Armour: Animal skin       |     2 |       |       |       |       |       |       ||     2
         Chain mail        |    27 |    50 |    15 |       |       |       |       ||    92
         Scale mail        |       |       |    23 |    50 |    14 |       |       ||    87
         Skin              |       |       |       |    59 |     5 |    38 |     7 ||   109
         Ring mail         |       |       |       |       |    39 |       |       ||    39
  Dodge: Dodged            |    35 |    69 |   119 |   392 |   536 |  1306 |   349 ||  2806
   Form: Maw               |       |       |       |       |     1 |       |       ||     1

Table legend: (Time is in decaauts)
 A = Elapsed time spent in this place.
 B = Non-inter-level travel time spent in this place.
 C = Inter-level travel time spent in this place.
 D = Time resting spent in this place.
 E = Time spent auto-exploring this place.
 F = Levels seen in this place.
 G = Mean time per level.
                   A        B        C        D        E       F      G
               +--------+--------+--------+--------+--------+-----+--------+
         Total |  48918 |  45969 |   2949 |  19422 |  15654 |  36 | 1358.8 |
       Dungeon |  19868 |  18020 |   1848 |   6567 |   8057 |  15 | 1324.5 |
        Temple |      1 |      1 |      0 |      0 |      0 |   1 |    1.0 |
          Lair |  11229 |  10920 |    309 |   5458 |   3314 |   5 | 2245.8 |
        Shoals |   6430 |   6250 |    180 |   3282 |   1091 |   4 | 1607.5 |
   Spider Nest |   8080 |   7643 |    437 |   3495 |   2081 |   4 | 2020.0 |
  Orcish Mines |   1306 |   1132 |    174 |     57 |    674 |   2 |  653.0 |
        Vaults |    635 |    635 |      0 |     84 |      0 |   1 |  635.0 |
       Ossuary |    430 |    430 |      0 |    213 |     93 |   1 |  430.0 |
        Bailey |    550 |    550 |      0 |    230 |    162 |   1 |  550.0 |
    Desolation |    163 |    163 |      0 |     35 |      0 |   1 |  163.0 |
      Gauntlet |    220 |    220 |      0 |      0 |    180 |   1 |  220.0 |
               +--------+--------+--------+--------+--------+-----+--------+

Top non-repeatable levels by time:
  Lair:2: 3999 daAuts
  Lair:5: 2803 daAuts
    D:10: 2413 daAuts
Spider:3: 2354 daAuts
Spider:1: 2267 daAuts
  Lair:1: 2033 daAuts
Spider:4: 1997 daAuts
Shoals:4: 1991 daAuts
Shoals:1: 1964 daAuts
     D:6: 1830 daAuts
    D:12: 1694 daAuts
     D:7: 1661 daAuts
Shoals:2: 1530 daAuts
Spider:2: 1462 daAuts
    D:15: 1455 daAuts
